 Dungeon Crawl Stone Soup version 0.31-a0-321-g19405a7a6a (webtiles) character file.

Game seed: 14951807521489907031

52 HallandMoats the Trooper (level 3, -1/29 HPs)
             Began as a Mummy Monk on July 18, 2023.
             Was a Priest of Wu Jian.
             Slain by a gnoll
             ... wielding a +0 whip
              (4 damage)
             ... on level 2 of the Dungeon.
             The game lasted 00:02:41 (1048 turns).

HallandMoats the Trooper (Mummy Monk)               Turns: 1048, Time: 00:02:42

Health: -1/29      AC:  5    Str: 16    XL:     3   Next: 60%
Magic:  3/3        EV: 12    Int:  9    God:    Wu Jian [***...]
Gold:   35         SH:  0    Dex: 14    Spells: 2/2 levels left

rFire   x . .        a - +0 mace
rCold   + . .        c - orb {light}
rNeg    + + +        b - +0 robe
rPois   ∞            (no helmet)
rElec   .            (no cloak)
rCorr   .            e - +2 pair of gloves
SInv    .            (no boots)
Will    .....        (no amulet)
Stlth   +            (no ring)
HPRegen 0.24/turn    (no ring)
MPRegen 0.08/turn

%: faith
@: glowing
A: cold resistance 1, negative energy resistance 3, torment resistance 2, heat
vulnerability 1, in touch with death 1, no potions, faith
a: Renounce Religion, Wall Jump, Serpent's Lash


You were on level 2 of the Dungeon.
You worshipped Wu Jian.
Wu Jian was most pleased with you.
You visited 1 branch of the dungeon, and saw 2 of its levels.

You collected 35 gold pieces.

Inventory:

Hand Weapons
 a - a +0 mace (weapon)
Armour
 b - a +0 robe (worn)
 c - an orb of light (worn)
 e - a +2 pair of gloves (worn)
Scrolls
 d - a scroll of enchant armour {unknown}
 f - 2 scrolls of identify {unknown}
 g - a scroll of blinking {unknown}


   Skills:
 * Level 3.6 Fighting
 * Level 3.0 Maces & Flails
 + Level 0.8 Armour
 + Level 2.6 Dodging


You had 2 spell levels left.
You didn't know any spells.
Your spell library was empty.

Dungeon Overview and Level Annotations

Branches:
Dungeon (2/15)

Altars:
Wu Jian

Shops:
D:1 *


Innate Abilities, Weirdness & Mutations

You are immune to poison.
Your flesh is cold resistant. (rC+)
You are immune to negative energy. (rN+++)
You are immune to unholy pain and torment.
You are vulnerable to heat. (rF-)
You are in touch with the powers of death.
You do not drink.
You have a special connection with the divine. (Faith)


Message History

The gnoll is heavily wounded.
The gnoll closely misses you.
You hit the gnoll.
The gnoll is almost dead.
The gnoll hits you but does no damage.
A rat comes into view.
The gnoll hits you with a +0 whip.
You hit the gnoll.
You kill the gnoll!
The Council accepts your kill. The gnoll closely misses you.
The gnoll barely misses you.
The gnoll hits you from afar with a +0 halberd!
The gnoll hits you with a +0 whip.
* * * LOW HITPOINT WARNING * * *
The gnoll attacks as you move away! The gnoll closely misses you.
You hit the gnoll.
The gnoll is moderately wounded.
The gnoll closely misses you.
You barely miss the gnoll.
The gnoll is moderately wounded.
The gnoll hits you with a +0 whip.
* * * LOW HITPOINT WARNING * * *
You hit the gnoll.
The gnoll is heavily wounded.
The gnoll hits you with a +0 whip.
* * * LOW HITPOINT WARNING * * *
The gnoll closely misses you.
You hit the gnoll but do no damage.
The gnoll is heavily wounded.
The gnoll closely misses you.
You hit the gnoll.
The gnoll is severely wounded.
The gnoll closely misses you.
You sock the gnoll!
You kill the gnoll!
The Council accepts your kill.
Your Maces & Flails skill increases to level 3!
Unknown command.
You hit the gnoll but do no damage. The gnoll hits you with a +0 whip.
You die...

#.# #.# ..# ##.##########..#
#...........#..#
#########..########.#..# #
...........#........#(. ..
########...#........#.##.###
#...########.#.......
#.....@grg....g.#
#..#########.##.# #..# #># #
#).# #.# .#########..#####
#.# ................### #.#
.##########........ ..#
......###......## ###
#.......###.#


You could see 2 gnolls and a rat.

Vanquished Creatures
  2 gnolls (D:2)
  A dart slug (D:1)
  A worm (D:2)
  3 endoplasms (D:1)
  A giant cockroach (D:1)
  3 goblins
  3 hobgoblins (D:1)
  4 jackals (D:1)
  2 kobolds (D:1)
  A quokka (D:1)
  2 bats (D:1)
  3 rats (D:1)
26 creatures vanquished.

Notes
Turn   | Place    | Note
-------+----------+-------------------------------------------
     0 | D:1      | HallandMoats the Mummy Monk began the quest for the Orb.
     0 | D:1      | Reached XP level 1. HP: 18/18 MP: 1/1
   359 | D:1      | Reached XP level 2. HP: 23/24 MP: 2/2
   412 | D:1      | Found a faded altar of an unknown god.
   425 | D:1      | Prayed at the altar of an unknown god.
   425 | D:1      | Became a worshipper of the Wu Jian Council
   425 | D:1      | Reached * piety under Wu Jian
   425 | D:1      | Reached ** piety under Wu Jian
   461 | D:1      | Reached *** piety under Wu Jian
   797 | D:1      | Found Osishun's General Store.
   867 | D:2      | Gained mutation: You are in touch with the powers of death.
                  | [Mummy growth]
   867 | D:2      | Reached XP level 3. HP: 10/29 MP: 3/3
  1048 | D:2      | Slain by a gnoll

Illustrated notes

Levels and vault maps discovered:
D:1:      dpeg_arrival_concentric_ovals, layout_basic, serial_shops, shop,
          basic_ecumenical_altar, minmay_pentomino_v4
D:2:      layout_basic, basic_altar

Skill      XL: |  1  2  3 |
---------------+----------+-----
Maces & Flails | 3 |  3.0
Fighting       | |  3.6
Armour         | |  0.8
Dodging        | |  2.6

Action                     || total
---------------------------++-------
  Melee: Mace              ||    81
Ability: Whirlwind         ||     3
 Armour: Robe              ||    22
  Dodge: Dodged            ||    63

Table legend: (Time is in decaauts)
 A = Elapsed time spent in this place.
 B = Non-inter-level travel time spent in this place.
 C = Inter-level travel time spent in this place.
 D = Time resting spent in this place.
 E = Time spent auto-exploring this place.
 F = Levels seen in this place.
 G = Mean time per level.
                   A        B        C        D        E       F      G
               +--------+--------+--------+--------+--------+-----+--------+
         Total |   1069 |   1069 |      0 |     23 |    799 |   2 |  534.5 |
       Dungeon |   1069 |   1069 |      0 |     23 |    799 |   2 |  534.5 |
               +--------+--------+--------+--------+--------+-----+--------+

Top non-repeatable levels by time:
     D:1: 871 daAuts
     D:2: 198 daAuts
